 Dungeon Crawl Stone Soup version 0.27-a0-412-g8dd771eca2 (webtiles) character file.

Game seed: 16128554104298749984

11 Ijustatesigmund the Skirmisher (level 2, 0/24 HPs)
             Began as a Demonspawn Fighter on Feb 24, 2021.
             Slain by a hobgoblin (2 damage)
             ... on level 1 of the Dungeon.
             The game lasted 00:00:34 (263 turns).

Ijustatesigmund the Skirmisher (Demonspawn Fighter)  Turns: 263, Time: 00:00:34

Health: 0/24       AC:  6    Str: 16    XL:     2   Next: 13%
Magic:  2/2        EV:  7    Int:  9    God:
Gold:   0          SH:  8    Dex: 12    Spells: 1/1 levels left

rFire    . . .     SeeInvis .   a - +0 war axe
rCold    . . .     Faith    .   c - +0 kite shield
rNeg     . . .     Spirit   .   b - +0 scale mail
rPois    .         Reflect  .   (helmet restricted)
rElec    .         Harm     .   (no cloak)
rCorr    .         Rampage  .   (no gloves)
Will     .....                  (no boots)
Stlth    ..........             (no amulet)
HPRegen  0.08/turn              (no ring)
MPRegen  0.08/turn              (no ring)

@: no status effects
A: horns 1
a: no special abilities


You were on level 1 of the Dungeon.
You visited 1 branch of the dungeon, and saw 1 of its levels.

Inventory:

Hand Weapons
 a - a +0 war axe (weapon)
Armour
 b - a +0 scale mail (worn)
 c - a +0 kite shield (worn)
Scrolls
 e - a scroll of amnesia {unknown}
Potions
 d - a potion of might


   Skills:
 + Level 3.1 Fighting
 * Level 2.2 Axes
 - Level 2.6 Armour
 + Level 0.5 Dodging
 - Level 2.6 Shields


You had one spell level left.
You didn't know any spells.
Your spell library was empty.

Dungeon Overview and Level Annotations

Branches:
Dungeon (1/15)

Altars:


Innate Abilities, Weirdness & Mutations

You have a pair of small horns on your head.


Message History

Your demonic ancestry asserts itself...
A pair of horns grows on your head!
You barely miss the kobold. Your headbutt misses the kobold.
The kobold is heavily wounded.
You closely miss the kobold. You closely miss the hobgoblin.
The kobold hits you but does no damage. The kobold hits you with a +0 dagger.
You block the hobgoblin's attack. The kobold barely misses you.
The hobgoblin hits you but does no damage.
The kobold hits you but does no damage.
You are too injured to fight recklessly!
You are too injured to fight recklessly!
You are too injured to fight recklessly!
You are too injured to fight recklessly!
You are too injured to fight recklessly!
You are too injured to fight recklessly!
You are too injured to fight recklessly!
You are too injured to fight recklessly!
You are too injured to fight recklessly!
You are too injured to fight recklessly!
You are too injured to fight recklessly!
You are too injured to fight recklessly!
Your shield and scale mail prevent you from hitting the kobold.
The kobold is heavily wounded.
You closely miss the hobgoblin.
Your shield and scale mail prevent you from hitting the kobold.
The kobold hits you with a +0 dagger. The kobold hits you but does no damage.
The hobgoblin closely misses you. The kobold barely misses you.
You hit the kobold.
You kill the kobold!
You closely miss the kobold. You hit the hobgoblin.
The hobgoblin barely misses you. The kobold hits you with a +0 dagger.
* * * LOW HITPOINT WARNING * * *
The hobgoblin hits you.
* * * LOW HITPOINT WARNING * * *
You hit the kobold.
You kill the kobold!
You closely miss the hobgoblin. The hobgoblin hits you.
* * * LOW HITPOINT WARNING * * *
The hobgoblin hits you.
You die...

#.....# #....)#
#.....######
#............
########.......##
#........>.....#
#......#.......#
###.....=#.......#
#....)@).#.......#
#.....g)###.......#
..###.... ...######
#...###### .#..#
.$#..# .. #..# ###
...#


You could see a hobgoblin.

Vanquished Creatures
  A goblin (D:1)
  A hobgoblin (D:1)
  3 jackals (D:1)
  3 kobolds (D:1)
  3 rats (D:1)
11 creatures vanquished.

Notes
Turn   | Place    | Note
-------+----------+-------------------------------------------
     0 | D:1      | Ijustatesigmund the Demonspawn Fighter began the quest for
                  | the Orb.
     0 | D:1      | Reached XP level 1. HP: 18/18 MP: 1/1
   260 | D:1      | Gained mutation: You have a pair of small horns on your
                  | head. [demonic ancestry]
   260 | D:1      | Reached XP level 2. HP: 13/24 MP: 2/2
   263 | D:1      | Slain by a hobgoblin

Illustrated notes

Levels and vault maps discovered:
D:1:      dpeg_arrival_water_fire, layout_basic, minmay_tetromino_l4

Skill      XL: |  1 |
---------------+----+-----
Axes           | 2 |  2.2
Fighting       | |  3.1
Armour         | |  2.6
Dodging        | |  0.5
Shields        | |  2.6

Action                   || total
-------------------------++-------
Melee: War axe           ||    41
Armor: Scale mail        ||    33
Dodge: Dodged            ||    20
Block: Kite shield       ||    24

Table legend: (Time is in decaauts)
 A = Elapsed time spent in this place.
 B = Non-inter-level travel time spent in this place.
 C = Inter-level travel time spent in this place.
 D = Time resting spent in this place.
 E = Time spent auto-exploring this place.
 F = Levels seen in this place.
 G = Mean time per level.
                   A        B        C        D        E       F      G
               +--------+--------+--------+--------+--------+-----+--------+
         Total |    291 |    291 |      0 |    133 |     69 |   1 |  291.0 |
       Dungeon |    291 |    291 |      0 |    133 |     69 |   1 |  291.0 |
               +--------+--------+--------+--------+--------+-----+--------+

Top non-repeatable levels by time:
     D:1: 291 daAuts
